 Dungeon Crawl Stone Soup version 0.23-a0-402-g64599a1 (console) character file.

85 bli the Insei (level 4, -2/28 HPs)
             Began as an Octopode Transmuter on Nov 4, 2018.
             Slain by Natasha (8 damage)
             ... on level 3 of the Dungeon.
             The game lasted 00:05:00 (1924 turns).

bli the Insei (Octopode Transmuter)                 Turns: 1924, Time: 00:05:00

Health: -2/28      AC:  1    Str:  9    XL:     4   Next: 48%
Magic:  2/7        EV: 13    Int: 15    God:
Gold:   86         SH:  0    Dex: 11    Spells: 4/7 levels left

rFire    . . .     SeeInvis +     - Unarmed
rCold    . . .     Gourm    .   (no shield)
rNeg     . . .     Faith    .   (helmet restricted)
rPois    .         Spirit   .   (no amulet)
rElec    .         Reflect  .   b - -2 ring of dexterity (curse)
rCorr    .         Harm     .   d - ring of see invisible
MR       .....                  (no ring)
Stlth    ++........             (no ring)
HPRegen  0.09/turn              (no ring)
MPRegen  0.10/turn              (no ring)
                                (no ring)
                                (no ring)

@: appendage
A: almost no armour, stealthy swim, amphibious, 8 rings, constrict 8, tentacle
spike 3, camouflage 1, gelatinous body 1
a: End Transformation


You were on level 3 of the Dungeon.
You were hungry.
One of your tentacles had a temporary spike.
You visited 1 branch of the dungeon, and saw 3 of its levels.

You collected 86 gold pieces.

Inventory:

Hand Weapons
 h - a +2 dagger of venom
 i - a +1 dagger of protection
 n - a +2 dagger of flaming
Missiles
 a - 24 arrows
 e - 10 stones (quivered)
 k - 17 poisoned needles
Armour
 p - a +0 shield
Jewellery
 b - a cursed -2 ring of dexterity (left tentacle)
 d - a ring of see invisible (right tentacle)
Scrolls
 g - a scroll of remove curse {unknown}
 j - a scroll of identify
 l - 2 scrolls of fog
 m - a scroll of immolation
Potions
 f - 2 potions of curing
Comestibles
 c - 2 rations
 o - 5 chunks of flesh


   Skills:
 + Level 1.1 Fighting
 - Level 2.0 Dodging
 * Level 5.0 Unarmed Combat
 - Level 2.0 Spellcasting
 + Level 2.0 Transmutations


You had 4 spell levels left.
You knew the following spells:

 Your Spells              Type           Power        Failure   Level  Hunger
a - Beastly Appendage     Tmut           #.....       10%         1    #......
b - Sticks to Snakes      Tmut           #.......     14%         2    ###....

Your spell library contained the following spells:

 Spells                   Type           Power        Failure   Level  Hunger
 Spider Form              Tmut/Pois      #.........   41%         3    ###....
 Ice Form                 Ice/Tmut       #.......     82%         4    #####..
 Blade Hands              Tmut           #.........   95%         5    ######.


Dungeon Overview and Level Annotations

Branches:
Dungeon (3/15)

Altars:

Annotations:
D:3 Natasha


Innate Abilities, Weirdness & Mutations

You cannot wear most types of armour.
You are very stealthy in the water. (Stealth+)
You are amphibious.
You can wear up to eight rings at the same time.
You can use your tentacles to constrict eight enemies at once.
Your skin changes colour to match your surroundings (Stealth+).
Your rubbery body absorbs attacks. (AC +1, EV +1)
One of your tentacles bears a large vicious spike.


Message History

Your ball python barely misses Natasha.
Casting: Sticks to Snakes (safe; 14% risk of failure)
Confirm with . or Enter, or press ? or * to list all spells.
One of your tentacles grows a vicious spike.
Natasha closely misses your ball python.
Your ball python misses Natasha.
Your ball python closely misses Natasha.
Natasha claws your ball python!
Your ball python dies!
Natasha stares at you and mumbles some strange words.
The magic dart hits you!
* * * LOW HITPOINT WARNING * * *
You miss Natasha. You grab Natasha.
Natasha is lightly wounded.
You constrict Natasha. Natasha barely misses you.
Natasha mumbles some strange words.
You tentacle-slap Natasha but do no damage.
Natasha is moderately wounded.
You constrict Natasha. Natasha claws you!
You die...

# ##.##.##.#.#.
#......###..
####.##.#...
#........
#.######. ...#
#.... #### #.##.
######### #.##.
#5......# ##.##.
#h# #.# #..... #@#
#.# #..#..
#.#####.### #..#..
#.##......###.....
#.##.##.#.........
#.##.##.#####.###.
#.##.##.# #.# #.
#.......# #.. ..
####.#### ####
#.....# #####.#


You could see Natasha and a crimson imp.

Vanquished Creatures
  3 adders
  2 worms
  3 dart slugs
  3 leopard geckos
  2 ball pythons
  8 goblins
  4 hobgoblins
  8 kobolds
  A bat (D:1)
  5 frilled lizards
  7 rats
46 creatures vanquished.

Notes
Turn   | Place    | Note
-------+----------+-------------------------------------------
     0 | D:1      | bli the Octopode Transmuter began the quest for the Orb.
     0 | D:1      | Reached XP level 1. HP: 13/13 MP: 3/3
    77 | D:1      | Reached XP level 2. HP: 11/18 MP: 5/5
   332 | D:1      | Reached skill level 4 in Unarmed Combat
   382 | D:1      | Reached XP level 3. HP: 9/23 MP: 4/6
  1405 | D:2      | Reached XP level 4. HP: 28/28 MP: 5/7
  1435 | D:2      | Learned a level 2 spell: Sticks to Snakes
  1889 | D:3      | Reached skill level 5 in Unarmed Combat
  1915 | D:3      | Noticed Natasha
  1924 | D:3      | Slain by Natasha

Vault maps used:
D:1:      dpeg_arrival_round_c
D:2:      minmay_pentomino_z2
D:3:      uniq_natasha, uniq_robin

Skill      XL: |  1  2  3  4 |
---------------+-------------+-----
Unarmed Combat | 4 5 |  5.0
Fighting       | |  1.1
Dodging        | |  2.0
Spellcasting   | |  2.0
Transmutations | |  2.0

Action                   |  1- 3 |  4- 6 || total
-------------------------+-------+-------++-------
Melee: Unarmed           |    85 |    15 ||   100
       Kick              |     7 |     5 ||    12
       Constrict         |    18 |     4 ||    22
       Tentacles         |    11 |       ||    11
       Punch             |       |     1 ||     1
Throw: Stone             |     1 |       ||     1
 Cast: Beastly Appendage |     9 |     4 ||    13
       Sticks to Snakes  |       |     3 ||     3
  Use: Scroll            |     1 |     2 ||     3
 Stab: Sleeping          |     3 |     3 ||     6
  Eat: Chunk             |     2 |     1 ||     3
Armor: Skin              |     7 |     1 ||     8
Dodge: Dodged            |    54 |     8 ||    62

Table legend:
 A = Non-vault XP
 B = Vault XP
 C = Vault XP percentage of total XP
 D = Non-vault monster count
 E = Vault monster count
 F = Vault count percentage of total count
                 A         B        C        D         E       F
            +---------+---------+-------+---------+---------+-------
      Total |     120 |       2 |   1.6 |      45 |       1 |   2.2
            +---------+---------+-------+---------+---------+-------
        D:1 |      45 |       0 |   0.0 |      25 |       0 |   0.0
        D:2 |      57 |       2 |   3.4 |      18 |       1 |   5.3
        D:3 |      18 |       0 |   0.0 |       2 |       0 |   0.0
            +---------+---------+-------+---------+---------+-------
